 Dungeon Crawl Stone Soup version 0.31-a0-848-gaac375c287 (webtiles) character file.

Game seed: 13097528223572807010

1201 Kurtz the Chopper (level 8, 0/60 HPs)
             Began as a Mummy Delver on Oct 4, 2023.
             Was a Follower of Okawaru.
             Slain by a gnoll
             ... wielding a +0 flail
             ... led by a gnoll bouda
              (3 damage)
             ... on level 5 of the Dungeon.
             The game lasted 00:11:09 (6299 turns).

Kurtz the Chopper (Mummy Delver)                    Turns: 6299, Time: 00:11:09

Health: 0/60       AC: 23    Str: 16    XL:     8   Next: 21%
Magic:  6/8        EV: 10    Int:  9    God:    Okawaru [*.....]
Gold:   286        SH:  0    Dex: 15    Spells: 7/7 levels left

rFire   x . .        h - +2 mace (protect)
rCold   + . .        (no shield)
rNeg    + + +        m - +0 chain mail
rPois   ∞            l - +0 helmet
rElec   .            y - +0 cloak
rCorr   .            i - +0 pair of gloves
SInv    .            n - +0 pair of boots
Will    +....        (no amulet)
Stlth   ++           A - ring of flight
HPRegen 0.30/turn    (no ring)
MPRegen 0.11/turn

%: faith
@: heroic, weakened, under a protective aura, flying
A: cold resistance 1, negative energy resistance 3, torment resistance 2, heat
vulnerability 1, in touch with death 1, no potions, faith
a: Renounce Religion, Heroism


You were on level 5 of the Dungeon.
You worshipped Okawaru.
Okawaru was aware of your devotion.
You visited 1 branch of the dungeon, and saw 6 of its levels.

You collected 286 gold pieces.

Inventory:

Hand Weapons
 a - a +0 hand axe
 h - a +2 mace of protection (weapon)
 t - a +0 antimagic whip
Missiles
 s - 3 boomerangs
 x - 6 poisoned darts
Armour
 i - a +0 pair of gloves (worn)
 l - a +0 helmet (worn)
 m - a +0 chain mail (worn)
 n - a +0 pair of boots (worn)
 y - a +0 cloak (worn)
Jewellery
 A - a ring of flight (left hand)
 D - a ring of wizardry
Wands
 f - a wand of digging (3)
 w - a wand of roots (3)
Scrolls
 b - a scroll of enchant armour {unknown}
 c - a scroll of fog
 d - 2 scrolls of revelation
 e - 2 scrolls of fear
 g - 2 scrolls of immolation
 j - a scroll of teleportation
 k - 6 scrolls of identify {unknown}
 o - a scroll of enchant weapon {unknown}
 p - a scroll of blinking {unknown}
 q - 2 scrolls of summoning {unknown}
 r - a scroll of torment {unknown}
 u - 3 scrolls of poison {unknown}
 v - 2 scrolls of amnesia {unknown}
 z - 2 scrolls of noise {unknown}
 B - 5 scrolls of silence {unknown}


   Skills:
 + Level 4.2(9.2) Fighting
 * Level 6.8(11.8) Axes
 - Level 3.7(8.7) Armour
 - Level 2.0(7.0) Dodging
 - Level 4.1(9.1) Stealth


You had 7 spell levels left.
You didn't know any spells.
Your spell library contained the following spells:

 Spells                   Type           Power      Damage    Failure   Level
 Magic Dart               Conj           0%         1d3       98%         1
 Cigotuvi's Dreadful Rot  Necr/Pois/Air  0%         N/A       99%         2
 Lesser Beckoning         Tloc           0%         N/A       99%         2
 Searing Ray              Conj           0%         2d4       99%         2
 Dazzling Flash           Conj/Hex       0%         N/A       100%        3
 Gell's Gravitas          Tloc           0%         N/A       100%        3
 Teleport Other           Tloc           0%         N/A       100%        3
 Volatile Blastmotes      Fire/Tloc      0%         2d10      100%        3
 Dispel Undead            Necr           0%         3d6       100%        4
 Fulminant Prism          Conj/Hex       0%         3d5       100%        4
 Starburst                Conj/Fire      0%         6d3       100%        6
 Maxwell's Capacitive Co  Air            0%         ∞         100%        8
 Death Channel            Necr           Unusable   N/A       N/A         6

Dungeon Overview and Level Annotations

Branches:
Dungeon (6/15)
 Temple: D:4-7

Altars:
Okawaru

Annotations:
D:2 !DANGER, Pargi
D:5 exclusion: downstairs


Innate Abilities, Weirdness & Mutations

You are immune to poison.
Your flesh is cold resistant. (rC+)
You are immune to negative energy. (rN+++)
You are immune to unholy pain and torment.
You are vulnerable to heat. (rF-)
You are in touch with the powers of death.
You do not drink.
You have a special connection with the divine. (Faith)


Message History

The gnoll bouda attacks as it pursues you!
The gnoll bouda barely misses you.
You barely miss the gnoll bouda.
The gnoll bouda is almost dead.
The gnoll bouda hits you but does no damage.
You barely miss the gnoll bouda.
The gnoll bouda is almost dead.
The gnoll bouda gazes fiercely through you!
You feel as though you will be weak longer.
The gnoll bouda closely misses you.
You closely miss the gnoll bouda.
The gnoll bouda is almost dead.
The gnoll is no longer moving quickly.
The gnoll bouda hits you with a +0 whip.
* * * LOW HITPOINT WARNING * * *
The gnoll bouda prays to its god.
The gnoll bouda is healed somewhat.
You gain the combat prowess of a mighty hero.
The gnoll bouda hits you but does no damage.
You closely miss the gnoll bouda.
The gnoll bouda is severely wounded.
The gnoll bouda hits you but does no damage.
You barely miss the gnoll bouda.
The gnoll bouda is severely wounded.
The gnoll bouda hits you but does no damage.
You sock the gnoll bouda!
Your weapon exudes an aura of protection.
You kill the gnoll bouda!
Okawaru accepts your kill.
You barely miss the gnoll. The gnoll barely misses you.
You hit the gnoll.
The gnoll is heavily wounded.
The gnoll barely misses you.
You hit the gnoll but do no damage.
The gnoll is heavily wounded.
The gnoll hits you but does no damage.
You hit the gnoll.
The gnoll is heavily wounded.
The gnoll is no longer moving quickly.
The gnoll hits you with a +0 flail.
You die...

#####...#..###.........#
#####..# ####.###### #..# #.#
#..######.# #.........#
#.######### #.# #.# #@# #g#
##### #######g### ###########
#...#####.....[...####...#......
#.........###..>..#........#####
#...####### ##.............# #
##.## ##.#.##..(##..### # #.#
#...#.....#....### #.####
#.....[_.....<...#


You could see 2 gnolls.

Vanquished Creatures
  A water moccasin (D:3)
  A centaur (D:6)
  2 phantoms
  An ogre (D:5)
  4 scorpions
  A jelly (D:6)
  A gnoll bouda (D:5)
  2 hounds (D:5)
  Ijyb (D:3)
  3 iguanas
  4 orc wizards
  5 adders
  3 gnolls
  3 worms
  4 dart slugs
  15 orcs
  5 bats
  13 endoplasms
  4 giant cockroaches
  16 goblins
  10 hobgoblins
  13 kobolds
  5 quokkas
  6 ball pythons
  A frilled lizard (D:2)
  6 rats
130 creatures vanquished.

Notes
Turn   | Place    | Note
-------+----------+-------------------------------------------
     0 | D:5      | Kurtz the Mummy Delver began the quest for the Orb.
     0 | D:5      | Reached XP level 1. HP: 18/18 MP: 1/1
     4 | D:5      | Found an iron altar of Okawaru.
     9 | D:5      | Noticed a phantom
    12 | D:5      | Became a worshipper of Warmaster Okawaru
   146 | D:3      | Noticed Pargi
   155 | D:3      | Reached skill level 2 in Axes
   220 | D:3      | Noticed an orc wizard
   254 | D:3      | Reached XP level 2. HP: 24/24 MP: 2/2
   566 | D:1      | Found a faded altar of an unknown god.
   839 | D:1      | Reached XP level 3. HP: 29/29 MP: 3/3
   873 | D:1      | Reached skill level 3 in Axes
  1454 | D:2      | Reached XP level 4. HP: 30/35 MP: 4/4
  1585 | D:2      | Reached skill level 1 in Armour
  2379 | D:3      | Reached XP level 5. HP: 23/41 MP: 5/5
  3303 | D:4      | Noticed a water moccasin
  3318 | D:4      | Noticed Ijyb
  3958 | D:3      | HP: 2/41 [water moccasin (1)]
  3961 | D:3      | Killed a water moccasin
  3962 | D:3      | Reached skill level 4 in Axes
  3962 | D:3      | Reached XP level 6. HP: 3/47 MP: 6/6
  4189 | D:3      | Killed Ijyb
  4511 | D:4      | Reached * piety under Okawaru
  4799 | D:5      | Reached XP level 7. HP: 52/52 MP: 7/7
  5026 | D:5      | Reached skill level 5 in Axes
  5148 | D:5      | Identified the +2 robe of Pathos {Fly rC+ Will+}
  5898 | D:5      | Reached skill level 6 in Axes
  5939 | D:6      | Reached ** piety under Okawaru
  6012 | D:6      | Reached XP level 8. HP: 54/60 MP: 8/8
  6291 | D:5      | HP: 1/60 [gnoll bouda/+0 whip (5)]
  6299 | D:5      | Slain by a gnoll

Illustrated notes

Levels and vault maps discovered:
D:1:      nicolae_arrival_memento_mori, layout_loops_ring, serial_glass,
          glass_columns_b, glass_columns_a, glass_columns_b, glass_columns_b,
          item_on_display_b, ebering_ecumenical_altar_abandoned,
          chequers_serial_rivers_large_b
D:2:      kennysheep_the_goblin_king, layout_basic, serial_bayou_pond_b,
          minmay_close_crescents
D:3:      layout_loops_ring, nrook_loot_triangle, uniq_pargi
D:4:      layout_rooms, uniq_ijyb
D:5:      layout_loops_corners, okawaru_gym_becter
D:6:      layout_basic, amethyst_overflow_temple_binary,
          nicolae_underground_beach

Skill      XL: |  1  2  3  4  5  6  7 |
---------------+----------------------+-----
Axes           | 2 3 4 6 |  6.8
Armour         | 1 2 3 |  3.7
Dodging        | 2 |  2.0
Fighting       | 4 |  4.2
Stealth        | |  4.1

Action                     |  1- 3 |  4- 6 |  7- 9 || total
---------------------------+-------+-------+-------++-------
  Melee: Hand axe          |   156 |   272 |       ||   428
         Punch             |     1 |     1 |     2 ||     4
         Mace              |       |     8 |   144 ||   152
  Throw: Javelin           |       |     9 |    15 ||    24
         Boomerang         |       |     4 |     4 ||     8
         Dart              |       |       |     3 ||     3
 Invoke: Heroism           |       |       |     2 ||     2
  Evoke: Wand              |       |       |     2 ||     2
    Use: Scroll            |       |     3 |       ||     3
 Armour: Leather armour    |    35 |       |       ||    35
         Chain mail        |    95 |   262 |   172 ||   529
  Dodge: Dodged            |    70 |   127 |    59 ||   256

Table legend: (Time is in decaauts)
 A = Elapsed time spent in this place.
 B = Non-inter-level travel time spent in this place.
 C = Inter-level travel time spent in this place.
 D = Time resting spent in this place.
 E = Time spent auto-exploring this place.
 F = Levels seen in this place.
 G = Mean time per level.
                   A        B        C        D        E       F      G
               +--------+--------+--------+--------+--------+-----+--------+
         Total |   6442 |   5642 |    800 |   1064 |   3015 |   6 | 1073.7 |
       Dungeon |   6442 |   5642 |    800 |   1064 |   3015 |   6 | 1073.7 |
               +--------+--------+--------+--------+--------+-----+--------+

Top non-repeatable levels by time:
     D:3: 2005 daAuts
     D:5: 1412 daAuts
     D:2: 1152 daAuts
     D:1: 1014 daAuts
     D:4: 532 daAuts
     D:6: 326 daAuts
